Cogmind - Beta 13 @@@ ROGUE MODE // 2024.04.09 @ 02:39:08 Player: CatPlusPlus Result: Destroyed by G-67 Veteran with Field Laser Performance ------------- Evolutions (3) 1500 Regions Visited (13) 2600 Robots Destroyed (238) 1190 Value Destroyed (6659) 6659 Prototype IDs (59) 1180 Alien Tech Used (0) 0 Bonus (1835) 1835 TOTAL SCORE: 14964 Bonus ------- High Alert Combat Kills 595 Follower Combat Kills 178 Entered Garrisons 200 Aligned with FarCom 300 Met Data Miner 300 Acquired ECA 300 Friendly Fire -38 Cogmind --------- Core Integrity 0/700 Matter 260/300 Energy 93/100 System Corruption 4% Temperature Warning (380) Movement Core (1400) Ox27 Location -6/Proximity Caves Parts ------- > --- POWER (1) -------- (None) > --- PROPULSION (4) --- (None) > --- UTILITY (5) ------ Improved Cooling System Huge Storage Unit Improved Signal Interpreter > --- WEAPON (3) ------- Makeshift Shrapnel Gun > --- INVENTORY (25) --- Improved Carbon-fiber Leg Advanced Heat Sink Improved Weapon Cycler Transmission Jammer Improved Utility Shielding Improved Light Armor Plating Layered Medium Armor Plating Medium Reactive Plating Advanced Shield Generator Component Analysis Suite Long-range Tractor Beam Improved EM Pulse Cannon Improved EM Pulse Cannon Improved EM Pulse Cannon Improved EM Pulse Cannon Heavy Phase Cannon XL Autogun Array Precision Grenade Launcher Precision Grenade Launcher Heavy Mace Axe Peak State ------------ > --- POWER ------------ Neutrino Core > --- PROPULSION ------- Armored Huge Wheel Armored Huge Wheel > --- UTILITY ---------- Improved Heat Sink Huge Storage Unit Improved Sensor Array Improved Signal Interpreter Improved Medium Armor Plating > --- WEAPON ----------- Improved Spread Laser Flak Gun Precision Assault Rifle > --- INVENTORY -------- Light Nuclear Core Improved Carbon-fiber Leg Improved Weapon Cycler Transmission Jammer Improved Utility Shielding Hardened Light Armor Plating Improved Light Armor Plating Medium Reactive Plating Medium Insulated Plating Advanced Shield Generator Component Analysis Suite Long-range Tractor Beam Improved EM Pulse Cannon Improved EM Pulse Cannon Improved EM Pulse Cannon Improved EM Pulse Cannon Heavy Phase Cannon XL Autogun Array Precision Grenade Launcher Precision Grenade Launcher Heavy Mace Axe [Rating: 62] Favorites ----------- Power Improved Ion Engine Engine Improved Ion Engine Power Core Neutrino Core Propulsion Improved Treads Treads Improved Treads Leg Improved Carbon-fiber Leg Wheel Armored Wheel Flight Unit Cooled VTOL Module Utility Huge Storage Unit Device Heat Sink Storage Huge Storage Unit Processor Advanced Targeting Computer Hackware Hacking Suite Protection Hardened Medium Armor Plating Weapon Improved Medium Laser Energy Gun Improved Medium Laser Energy Cannon Particle Cannon Ballistic Gun Precision Assault Rifle Ballistic Cannon Improved Light Cannon Launcher Improved Grenade Launcher Impact Weapon Heavy Mace Special Melee Weapon Datajack Build | -11 -10 -10 -9 -9 -9 -8 -8 -8 -7 -7 -7 -7 -6 ------- Run | Yrd Mat Min Mat Min Exi Min Mat Gar Fac Low Low Dat Pro Slots Evolved 6 | . . . 2 . . . 2 . 2 . . . . Power . | . . . . . . . . . . . . . . Propulsion 2 | . . . 1 . . . . . 1 . . . . Utility 3 | . . . 1 . . . 1 . 1 . . . . Weapon 1 | . . . . . . . 1 . . . . . . Parts Attached 243 | 7 14 4 29 14 6 3 41 25 71 7 8 3 11 Power 22 | 1 . 1 4 1 . . 4 5 5 . . . 1 Engine 15 | 1 . 1 4 1 . . 4 1 3 . . . . Core 7 | . . . . . . . . 4 2 . . . 1 Reactor . | . . . . . . . . . . . . . . Propulsion 35 | 2 5 1 4 3 . . 10 1 6 1 2 . . Treads 23 | 2 4 1 4 3 . . 6 . 3 . . . . Leg 3 | . . . . . . . . . 1 1 1 . . Wheel 6 | . . . . . . . 2 1 2 . 1 . . Hover . | . . . . . . . . . . . . . . Flight 3 | . 1 . . . . . 2 . . . . . . Utility 81 | 2 3 1 10 3 2 1 11 6 31 4 . . 7 Device 45 | 1 2 1 3 3 2 . 6 2 16 3 . . 6 Storage 3 | 1 1 . 1 . . . . . . . . . . Processor 2 | . . . . . . . 1 . 1 . . . . Hackware 1 | . . . . . . . . . 1 . . . . Protection 30 | . . . 6 . . 1 4 4 13 1 . . 1 Artifact . | . . . . . . . . . . . . . . Weapon 105 | 2 6 1 11 7 4 2 16 13 29 2 6 3 3 Energy Gun 31 | 1 . . 7 4 2 1 7 6 2 . . 1 . Energy Cannon 7 | . 1 . 1 . . . 2 . 2 1 . . . Ballistic Gun 35 | 1 2 . . . . . 6 2 15 1 4 2 2 Ballistic Cannon 5 | . 2 1 1 . . . 1 . . . . . . Launcher 12 | . 1 . 2 3 . 1 . . 2 . 2 . 1 Special Weapon . | . . . . . . . . . . . . . . Impact Weapon 14 | . . . . . 1 . . 5 8 . . . . Slashing Weapon . | . . . . . . . . . . . . . . Piercing Weapon . | . . . . . . . . . . . . . . Special Melee Weapon 1 | . . . . . 1 . . . . . . . . Unidentified Prototypes 5 | . 1 . 1 . . . 2 . 1 . . . . Parts Lost 42 | . . . 6 6 . . 2 1 16 . 1 . 10 Power 5 | . . . 1 . . . . 1 1 . . . 2 Propulsion 13 | . . . 1 3 . . . . 7 . . . 2 Utility 17 | . . . 4 2 . . 2 . 6 . . . 3 Weapon 7 | . . . . 1 . . . . 2 . 1 . 3 Highest Loss Streak 8 | . . . 2 5 . . 2 1 8 . 1 . 6 To Critical Strikes . | . . . . . . . . . . . . . . Average Slot Usage (%) 96 | . 99 100 99 99 89 100 98 99 95 83 82 64 66 Engine 9 | . 14 14 10 11 11 11 9 2 6 . . . . Treads 24 | . 27 28 32 32 33 33 25 9 15 . . . . Wheel 3 | . . . . . . . 1 17 10 7 11 15 7 Device 13 | . 14 14 10 21 21 11 12 9 12 15 15 15 14 Storage 10 | . 14 14 11 11 11 11 9 9 7 7 7 7 7 Processor 2 | . . . . . . . 5 9 4 7 7 7 7 Protection 6 | . . . 9 . . 10 8 8 9 6 7 7 6 Energy Gun 9 | . 6 . 16 21 . 21 10 7 3 7 7 . 6 Energy Cannon 1 | . 3 . 2 . . . . . . 5 2 . . Ballistic Gun 7 | . 6 . . . . . 16 15 14 8 9 2 10 Ballistic Cannon 3 | . 12 27 3 . . . . . . . . . . Impact Weapon 1 | . . . . . 6 . . 3 3 . . . . Naked Turns . | . . . . . . . . . . . . . . Heaviest Build 128 | 14 94 96 99 100 98 102 110 112 128 120 120 115 115 Greatest Support 66 | 40 46 46 66 66 63 63 63 24 60 28 56 56 56 Greatest Overweight (x) 36 | . 2 2 2 2 1 1 36 4 10 4 6 2 4 Average Overweight (x) 2 | . 1 2 1 1 1 1 1 4 4 3 2 1 2 Largest Inventory Capacity 25 | 8 25 25 25 25 25 25 25 25 25 25 25 25 25 Average Capacity 24 | 7 24 25 25 25 25 25 25 25 25 25 25 25 25 Most Carried 25 | 8 25 25 25 25 25 25 25 25 25 25 25 25 25 Average Carried 24 | 3 21 24 24 23 24 24 24 24 24 23 24 25 24 Final Capacity 25 | 8 25 25 25 25 25 25 25 25 25 25 25 25 25 Final Carried 25 | 7 24 25 25 25 25 25 25 25 21 24 25 25 24 Class Distribution -------------------- 51% | Mutant 16% | Scavenger-Mutant 11% | Skirmisher 11% | Scavenger-Skirmisher 6% | Scavenger-Tank 3% | Tank Dominant Class ---------------- Mutant | -10/Materials Mutant | -10/Mines Mutant | -9/Materials Scavenger-Mutant | -9/Mines Scavenger-Mutant | -9/Exiles Scavenger-Mutant | -8/Mines Scavenger-Skirmisher | -8/Materials Skirmisher | -8/Garrison Mutant | -7/Factory Skirmisher | -7/Lower Caves Skirmisher | -7/Lower Caves Mutant | -7/Data Miner Mutant | -6/Proximity Caves Resources | -11 -10 -10 -9 -9 -9 -8 -8 -8 -7 -7 -7 -7 -6 ----------- Run | Yrd Mat Min Mat Min Exi Min Mat Gar Fac Low Low Dat Pro Matter Collected 6316 | 283 525 100 526 303 50 31 1161 562 2109 137 220 . 309 Remotely 430 | . . . . . . . . . 268 . . . 162 Salvage Created 8661 | 116 920 53 1592 549 . 19 1466 699 2787 200 222 . 38 Parts 474 | 9 72 1 92 25 . 5 73 35 144 1 17 . . Haulers Intercepted 16 | . 2 . 4 . . . 6 . 4 . . . . Recyclers Shooed 11 | 1 1 . 1 1 . 1 5 . 1 . . . . Parts Field Recycled . | . . . . . . . . . . . . . . Retrieved Matter . | . . . . . . . . . . . . . . Parts Self-Destructed 27 | . . . . . . . . . . 5 15 . 7 Prevented 3 | . . . . . . . . . . . 3 . . Kills | -11 -10 -10 -9 -9 -9 -8 -8 -8 -7 -7 -7 -7 -6 ------- Run | Yrd Mat Min Mat Min Exi Min Mat Gar Fac Low Low Dat Pro Combat Hostiles Destroyed 165 | . 16 2 27 21 . 4 22 20 42 . 9 . 2 Guns 111 | . 9 . 13 6 . . 22 20 36 . 3 . 2 Cannons 16 | . 4 2 10 . . . . . . . . . . AOE 37 | . 3 . 3 15 . 4 . . 6 . 6 . . Classes Destroyed 21 | 2 8 . 2 2 . . 2 1 2 1 . . 1 Worker 14 | . 1 . 3 1 . . 1 . 8 . . . . Builder 9 | . 3 . 2 1 . . . . 3 . . . . Tunneler 6 | 3 1 . . 2 . . . . . . . . . Hauler 16 | . 2 . 4 . . . 6 . 4 . . . . Recycler 26 | 1 4 . 5 4 . . 6 . 6 . . . . Mechanic 1 | . 1 . . . . . . . . . . . . Operator 4 | . 2 . 1 . . . . . 1 . . . . Watcher 12 | . 3 . 4 . . . 3 . 2 . . . . Swarmer 51 | . 9 . 9 3 . 4 8 8 4 . 6 . . Grunt 53 | . 7 2 8 2 . . 6 5 21 . 2 . . Brawler 6 | . . . . . . . 1 . 5 . . . . Duelist 2 | . . . 1 . . . . . . . 1 . . Sentry 19 | . . . 9 . . . 6 3 1 . . . . Demolisher 1 | . . . . 1 . . . . . . . . . Specialist 3 | . . . . . . . . 1 2 . . . . Hunter 7 | . . . . . . . 1 3 3 . . . . Programmer 6 | . . . . . . . . . 5 . . . 1 Heavy 1 | . . . . . . . . . 1 . . . . Behemoth 1 | . . . . . . . . . . . . . 1 Decomposer 1 | . . . . . . . . . . . 1 . . Packrat 1 | . . . . . . . . . . 1 . . . Samaritan 3 | . . . . . . . . . . 3 . . . Assembled 15 | . . . . 15 . . . . . . . . . Best Kill Streak 14 | 2 6 1 5 14 . 4 10 5 11 . 3 . 1 Combat Bots Only 14 | . 3 1 4 14 . 4 6 5 8 . 3 . 1 Max Kills in Single Turn 3 | 1 3 1 2 3 . 3 2 2 3 1 3 . 1 Gunslinging 1 | . . . . . . . 1 1 . . . . . Exploded 3 | . 2 . 2 3 . 3 . . 2 . 3 . . Melee . | . . . . . . . . . . . . . . Uniques/NPCs Destroyed . | . . . . . . . . . . . . . . Combat | -11 -10 -10 -9 -9 -9 -8 -8 -8 -7 -7 -7 -7 -6 -------- Run | Yrd Mat Min Mat Min Exi Min Mat Gar Fac Low Low Dat Pro Hostile Shots Fired 848 | . 71 9 125 62 . . 84 106 257 . 19 . 115 Missed 242 | . 21 3 30 16 . . 25 30 75 . 2 . 40 Damage Taken 8951 | . 428 82 1175 995 . . 803 796 2982 . 293 . 1397 Core 1276 | . 87 15 153 123 . . 128 68 435 . 56 . 211 Absorbed by Shields 562 | . . . . 18 . . 190 . 181 . . . 173 Ignored by Resistances 75 | . . . . . . . . . 72 . . . 3 Regen/Repaired (Parts) 635 | . 58 . 118 . . . 459 . . . . . . Core Remaining (%) 63 | 100 . 59 . . . 31 . 64 . . . . . Volleys Fired 628 | 13 78 7 121 43 . 2 83 81 140 16 14 . 30 Largest 3 | 2 2 2 2 2 . 1 3 3 3 2 3 . 3 Hottest 213 | 70 78 107 126 138 . 36 213 128 190 165 136 . 127 Shots Fired 1327 | 26 130 14 240 67 . 2 250 138 361 18 27 . 54 Gun 1150 | 26 97 . 148 55 . . 250 138 351 11 22 . 52 Cannon 144 | . 30 14 90 . . . . . 3 7 . . . Launcher 33 | . 3 . 2 12 . 2 . . 7 . 5 . 2 Special . | . . . . . . . . . . . . . . Kinetic 771 | 13 81 13 56 . . . 163 88 301 . 13 . 43 Thermal 521 | 13 46 1 182 55 . . 85 50 53 18 9 . 9 Explosive 33 | . 3 . 2 12 . 2 . . 7 . 5 . 2 Electromagnetic 2 | . . . . . . . 2 . . . . . . Robot Hit Streak 28 | 6 16 3 16 8 . . 14 24 28 12 8 . 8 Robot Miss Streak 11 | 2 3 2 4 3 . . 11 4 4 5 6 . 6 Penetration Max 1 | . . . . . . . . . 1 . . . . Secondary Targets 9 | . . . . . . . 4 3 . . 2 . . Max Gunslinging Chain 1 | . . . . . . . 1 1 . . 1 . . Shots Hit Robots 857 | 17 75 7 150 33 5 . 149 82 264 12 15 . 48 Core Hits 457 | 6 43 4 49 43 . 4 72 34 122 16 22 . 42 Critical Kills 3 | . . . . . . . . . 2 . 1 . . Critical Parts Destroyed . | . . . . . . . . . . . . . . Critical Strikes 36 | 1 5 . 8 5 . . 4 6 6 . 1 . . Burn 29 | 1 3 . 6 5 . . 4 6 4 . . . . Destroy 3 | . . . . . . . . . 2 . 1 . . Blast 4 | . 2 . 2 . . . . . . . . . . Melee Attacks 70 | . . . . . 5 . . 22 43 . . . . Impact 65 | . . . . . . . . 22 43 . . . . Slashing . | . . . . . . . . . . . . . . Piercing . | . . . . . . . . . . . . . . Sneak Attacks 9 | . . . . . 5 . . . 4 . . . . Combat Hostiles . | . . . . . . . . . . . . . . Follow-up Attacks . | . . . . . . . . . . . . . . Damage Inflicted 19573 | 187 1190 150 3130 1531 . 141 2928 1341 6992 298 652 . 1033 Guns 14252 | 187 636 . 1684 590 . . 2848 1341 5576 195 243 . 952 Cannons 1732 | . 329 146 1154 . . . . . . 103 . . . Explosions 3000 | . 219 . 251 904 . 130 . . 1006 . 409 . 81 Melee 335 | . . . . . . . . . 335 . . . . Ramming 254 | . 6 4 41 37 . 11 80 . 75 . . . . Kinetic 9834 | 63 537 146 706 . . . 1979 672 4816 . 124 . 791 Thermal 6126 | 124 428 . 2132 590 . . 845 669 760 298 119 . 161 Explosive 2964 | . 183 . 251 904 . 130 . . 1006 . 409 . 81 Electromagnetic 60 | . 36 . . . . . 24 . . . . . . Impact 335 | . . . . . . . . . 335 . . . . Slashing . | . . . . . . . . . . . . . . Piercing . | . . . . . . . . . . . . . . Highest Corruption 7 | . . . 1 1 1 1 6 6 7 7 4 4 4 Average Corruption 3 | . . . 1 1 1 1 5 6 3 5 4 4 4 Corruption Purged 3 | . . . . . . . . . . 3 . . . Corruption Blocked . | . . . . . . . . . . . . . . Effects 231 | . . . 14 20 4 3 59 42 43 16 17 3 10 Message Errors 60 | . . . 3 9 . . 16 9 10 4 5 2 2 Matter Fused 43 | . . . 1 3 1 2 8 12 8 4 4 . . Heat Flow Errors 36 | . . . 5 2 2 . 6 5 7 3 3 . 3 Energy Discharges 28 | . . . . 1 . . 9 6 5 2 2 1 2 Parts Rejected 1 | . . . . . . . . 1 . . . . . Parts Fused 1 | . . . . . . . . . 1 . . . . Data Loss (minor) 30 | . . . 3 3 . 1 11 2 4 2 3 . 1 Data Loss (major) 13 | . . . 1 1 . . 2 6 3 . . . . Misfires 9 | . . . 1 . . . 4 . 2 . . . 2 Alerts 7 | . . . . 1 1 . 2 . 3 . . . . Weapon Failures 3 | . . . . . . . 1 1 . 1 . . . Overload Shots . | . . . . . . . . . . . . . . Overflow Damage 281 | . 40 . 96 34 . . . . 101 . 10 . . Projectiles 58 | . . . 58 . . . . . . . . . . Explosions 168 | . 40 . 38 34 . . . . 46 . 10 . . Melee 55 | . . . . . . . . . 55 . . . . Knockbacks 9 | . 2 . 7 . . . . . . . . . . Impact . | . . . . . . . . . . . . . . Kinetic 9 | . 2 . 7 . . . . . . . . . . Secondary . | . . . . . . . . . . . . . . Self-Inflicted Damage 205 | . . . . 40 . . . . 147 . 18 . . Shots 6 | . . . . 2 . . . . 3 . 1 . . Rammed 31 | . 1 2 7 7 . 2 6 . 6 . . . . Targets Rammed 34 | . 1 2 8 9 . 2 6 . 6 . . . . Kicked . | . . . . . . . . . . . . . . Crushed 3 | . . . 1 2 . . . . . . . . . Highest Temperature 423 | 130 130 160 380 213 249 . 423 403 334 217 206 . 373 Average Temperature 76 | 53 42 83 61 43 106 . 79 116 85 91 79 . 158 Received Heat Transfer 2029 | . 66 54 339 36 . . 183 144 781 . 117 . 309 Effects 13 | . . . 2 . . . 2 5 1 . . . 3 Shutdowns 2 | . . . . . . . 1 . 1 . . . . Energy Bleed 4 | . . . 2 . . . . 1 . . . . 1 Interference 2 | . . . . . . . . . . . . . 2 Matter Decay 2 | . . . . . . . 1 1 . . . . . Damage (major) 3 | . . . . . . . . 3 . . . . . Siege Activations . | . . . . . . . . . . . . . . Robots Corrupted . | . . . . . . . . . . . . . . Combat Hostiles . | . . . . . . . . . . . . . . Parts Fried 3 | . . . . . . . . . 3 . . . . Impact Corruptions 2 | . . . . . . . . . 2 . . . . Robots Melted 2 | . . . 2 . . . . . . . . . . Combat Hostiles 1 | . . . 1 . . . . . . . . . . Parts Melted 31 | . 4 . 17 1 . . 1 5 3 . . . . Heat Transferred 13773 | 444 1443 . 4884 1628 . . 1924 1436 1513 276 100 . 125 Parts Sabotaged . | . . . . . . . . . . . . . . Parts Stolen . | . . . . . . . . . . . . . . Parts Stripped . | . . . . . . . . . . . . . . Power Chain Reactions . | . . . . . . . . . . . . . . Alert | -11 -10 -10 -9 -9 -9 -8 -8 -8 -7 -7 -7 -7 -6 ------- Run | Yrd Mat Min Mat Min Exi Min Mat Gar Fac Low Low Dat Pro Peak Influence 977 | 20 235 125 353 185 . 112 345 843 977 . . . . Initial 442 | . 13 44 . 58 . . . 10 442 . . . . Average 196 | 13 126 28 76 47 . 11 156 449 513 . . . . Maximum Alert Level 3 | . 1 . 1 . . . 1 3 3 . . . . Low Security (%) 64 | 100 83 100 90 100 . 100 59 16 . . . . . Level 1 17 | . 16 . 9 . . . 40 27 25 . . . . Level 2 14 | . . . . . . . . 44 58 . . . . Level 3 3 | . . . . . . . . 10 15 . . . . Level 4 . | . . . . . . . . . . . . . . Level 5 . | . . . . . . . . . . . . . . High Security . | . . . . . . . . . . . . . . Max Security . | . . . . . . . . . . . . . . Squads Dispatched 38 | . 5 1 5 . . . 4 . 23 . . . . Investigation 10 | . 3 1 4 . . . 1 . 1 . . . . Extermination 5 | . . . . . . . . . 5 . . . . Reinforcement 13 | . 2 . 1 . . . . . 10 . . . . Assault 2 | . . . . . . . . . 2 . . . . Garrison 8 | . . . . . . . 3 . 5 . . . . Intercept . | . . . . . . . . . . . . . . Searches Triggered . | . . . . . . . . . . . . . . Construction Impeded 1 | . . . . . . . . . 1 . . . . Haulers Reinforced 2 | . . . . . . . . . 2 . . . . Active Scanning Responses . | . . . . . . . . . . . . . . Cargo Convoy Interrupts 1 | . . . . . . . . . 1 . . . . Stealth | -11 -10 -10 -9 -9 -9 -8 -8 -8 -7 -7 -7 -7 -6 --------- Run | Yrd Mat Min Mat Min Exi Min Mat Gar Fac Low Low Dat Pro Distress Signals 11 | . . . 3 . . . 7 . 1 . . . . Communications Jammed . | . . . . . . . . . . . . . . Distress Signals . | . . . . . . . . . . . . . . Times Spotted 252 | . 23 3 50 32 . . 41 19 68 . 8 . 8 Peak Tracking Total 7 | . 3 2 5 6 . . 7 5 6 . 3 . 4 Tactical Retreats 25 | . . 1 9 8 . . 1 . 6 . . . . Traps | -11 -10 -10 -9 -9 -9 -8 -8 -8 -7 -7 -7 -7 -6 ------- Run | Yrd Mat Min Mat Min Exi Min Mat Gar Fac Low Low Dat Pro Traps Triggered 5 | . 1 . 2 . . . 2 . . . . . . Indirectly . | . . . . . . . . . . . . . . Trap Hack Attempts . | . . . . . . . . . . . . . . Triggered . | . . . . . . . . . . . . . . Disarmed . | . . . . . . . . . . . . . . Reprogrammed . | . . . . . . . . . . . . . . Reused . | . . . . . . . . . . . . . . Traps Extracted . | . . . . . . . . . . . . . . Installed . | . . . . . . . . . . . . . . Triggered 3 | . . . . . . . . . 1 . 1 . 1 Machines | -11 -10 -10 -9 -9 -9 -8 -8 -8 -7 -7 -7 -7 -6 ---------- Run | Yrd Mat Min Mat Min Exi Min Mat Gar Fac Low Low Dat Pro Machines Disabled 16 | . 4 . 2 1 . . 1 6 2 . . . . Max in Single Turn 3 | . 3 . 1 1 . . 1 1 1 . . . . Garrison Access 1 | . . . . . . . . . 1 . . . . Garrison Relay 3 | . . . . . . . . 3 . . . . . Machines Repaired . | . . . . . . . . . . . . . . Machines Dismantled . | . . . . . . . . . . . . . . Machines Sabotaged . | . . . . . . . . . . . . . . Overloaded Fab Kills . | . . . . . . . . . . . . . . Hacking | -11 -10 -10 -9 -9 -9 -8 -8 -8 -7 -7 -7 -7 -6 --------- Run | Yrd Mat Min Mat Min Exi Min Mat Gar Fac Low Low Dat Pro Machines Accessed 51 | . 6 1 16 . 2 . 12 2 8 . . 4 . Terminals 26 | . 3 . 10 . . . 7 2 4 . . . . Fabricators . | . . . . . . . . . . . . . . Repair Stations 4 | . 1 . 2 . . . 1 . . . . . . Recycling Units 7 | . 2 . 2 . . . 2 . 1 . . . . Scanalyzers 5 | . . . 2 . . . 1 . 2 . . . . Garrison Access 2 | . . . . . . . 1 . 1 . . . . Total Hacks 166 | . 14 1 53 . 5 . 41 5 17 . . 30 . Successful 105 | . 6 1 30 . 5 . 26 2 5 . . 30 . Failed 61 | . 8 . 23 . . . 15 3 12 . . . . Catastrophic 15 | . 1 . 6 . . . 3 1 4 . . . . Database Lockouts . | . . . . . . . . . . . . . . Manual 43 | . 5 . 17 . 1 . 17 . 3 . . . . Terminals 66 | . 6 . 28 . . . 18 5 9 . . . . Fabricators . | . . . . . . . . . . . . . . Repair Stations 19 | . 3 . 6 . . . 10 . . . . . . Recycling Units 18 | . 5 . 5 . . . 6 . 2 . . . . Scanalyzers 24 | . . . 14 . . . 6 . 4 . . . . Garrison Access 3 | . . . . . . . 1 . 2 . . . . Terminal Hacks 53 | . 2 1 7 . 5 . 4 2 2 . . 30 . Record 15 | . . . . . 4 . . . . . . 11 . Part Schematic 10 | . . . . . . . . . . . . 10 . Robot Schematic 6 | . . . . . . . . . . . . 6 . Prototype ID Bank 6 | . 2 . 1 . . . . . . . . 3 . Open Door 2 | . . 1 . . . . . 1 . . . . . Branch Access Points 2 | . . . 1 . . . . . 1 . . . . Unreport Threat 6 | . . . 3 . . . 2 . 1 . . . . Locate Traps 2 | . . . 1 . . . 1 . . . . . . Hauler Manifests 1 | . . . 1 . . . . . . . . . . Zone Layout 1 | . . . . . . . 1 . . . . . . Garrison Registry 1 | . . . . . . . . 1 . . . . . Derelict Proto ID Bank 1 | . . . . . 1 . . . . . . . . Fabricator Hacks . | . . . . . . . . . . . . . . Repair Station Hacks 17 | . 2 . 5 . . . 10 . . . . . . Scan Component 9 | . 1 . 3 . . . 5 . . . . . . Repair 8 | . 1 . 2 . . . 5 . . . . . . Recycling Unit Hacks 4 | . . . 1 . . . 2 . 1 . . . . Retrieve Components 4 | . . . 1 . . . 2 . 1 . . . . Scanalyzer 21 | . . . 13 . . . 6 . 2 . . . . Insert Component 10 | . . . 6 . . . 3 . 1 . . . . Analyze 11 | . . . 7 . . . 3 . 1 . . . . Garrison Access Hacks 1 | . . . . . . . 1 . . . . . . Unlock Access 1 | . . . . . . . 1 . . . . . . Unauthorized Hacks 9 | . 2 . 4 . . . 3 . . . . . . Terminals 4 | . . . 2 . . . 2 . . . . . . Assimilate 1 | . . . 1 . . . . . . . . . . Botnet 3 | . . . 1 . . . 2 . . . . . . Fabricators . | . . . . . . . . . . . . . . Repair Stations . | . . . . . . . . . . . . . . Recycling Units 5 | . 2 . 2 . . . 1 . . . . . . Tunnel 5 | . 2 . 2 . . . 1 . . . . . . Scanalyzers . | . . . . . . . . . . . . . . Garrison Access . | . . . . . . . . . . . . . . Data Cores Recovered . | . . . . . . . . . . . . . . Used . | . . . . . . . . . . . . . . Hacking Detections 39 | . 5 . 15 . . . 9 2 8 . . . . Full Trace Events 4 | . 1 . 2 . . . . . 1 . . . . Feedback Events . | . . . . . . . . . . . . . . Feedback Blocked . | . . . . . . . . . . . . . . Robot Schematics Acquired 6 | . . . . . . . . . . . . 6 . Robots Built . | . . . . . . . . . . . . . . Authchips . | . . . . . . . . . . . . . . Time . | . . . . . . . . . . . . . . Total Robot Build Rating . | . . . . . . . . . . . . . . Part Schematics Acquired 20 | . . . 6 . . . 3 . 1 . . 10 . Parts Built . | . . . . . . . . . . . . . . Authchips . | . . . . . . . . . . . . . . Time . | . . . . . . . . . . . . . . Total Part Build Rating . | . . . . . . . . . . . . . . Parts Repaired 8 | . 1 . 2 . . . 5 . . . . . . Time 252 | . 16 . 76 . . . 160 . . . . . . Parts Recycled . | . . . . . . . . . . . . . . Recycled Matter . | . . . . . . . . . . . . . . Retrieved Matter . | . . . . . . . . . . . . . . Retrieved Components 25 | . . . 5 . . . 20 . . . . . . Parts Scanalyzed 10 | . . . 6 . . . 3 . 1 . . . . Part Schematics Acquired 10 | . . . 6 . . . 3 . 1 . . . . Parts Damaged 1 | . . . 1 . . . . . . . . . . Bothacking | -11 -10 -10 -9 -9 -9 -8 -8 -8 -7 -7 -7 -7 -6 ------------ Run | Yrd Mat Min Mat Min Exi Min Mat Gar Fac Low Low Dat Pro Used RIF Installer . | . . . . . . . . . . . . . . Robots Hacked 5 | . . . . . 5 . . . . . . . . Non-combat 3 | . . . . . 3 . . . . . . . . Combat 2 | . . . . . 2 . . . . . . . . Robot Hacks Applied 5 | . . . . . 5 . . . . . . . . parse_system 5 | . . . . . 5 . . . . . . . . Relay Couplers Released 16 | . . . . . . . . 14 2 . . . . Machine Destruction 16 | . . . . . . . . 14 2 . . . . Fabnet Peak Effective % . | . . . . . . . . . . . . . . Robots Rewired . | . . . . . . . . . . . . . . Allies Hacked . | . . . . . . . . . . . . . . Hacks Repelled . | . . . . . . . . . . . . . . Allies | -11 -10 -10 -9 -9 -9 -8 -8 -8 -7 -7 -7 -7 -6 -------- Run | Yrd Mat Min Mat Min Exi Min Mat Gar Fac Low Low Dat Pro Total Allies 4 | . . . 1 1 . . . 1 . . . . 1 Largest Group 1 | . . . 1 1 . . . 1 1 . . . 1 Highest-Rated Group 96 | . . . 10 31 . . . 20 20 . . . 96 Highest-Rated Ally 96 | . . . 10 31 . . . 20 20 . . . 96 Total Orders . | . . . . . . . . . . . . . . Ally Attacks 22 | . . . . 2 . . . . 7 . . . 13 Total Damage 686 | . . . . 41 . . . . 167 . . . 478 Kills 4 | . . . . . . . . . 1 . . . 3 Allies Corrupted . | . . . . . . . . . . . . . . Allies Melted 1 | . . . . . . . . . . . . . 1 Intel | -11 -10 -10 -9 -9 -9 -8 -8 -8 -7 -7 -7 -7 -6 ------- Run | Yrd Mat Min Mat Min Exi Min Mat Gar Fac Low Low Dat Pro Robot Analysis Total . | . . . . . . . . . . . . . . Derelict Logs Recovered 7 | . . 2 . 1 . . . . . . 2 . 2 Drone Launches . | . . . . . . . . . . . . . . Drone Recoveries . | . . . . . . . . . . . . . . Exploration | -11 -10 -10 -9 -9 -9 -8 -8 -8 -7 -7 -7 -7 -6 ------------- Run | Yrd Mat Min Mat Min Exi Min Mat Gar Fac Low Low Dat Pro Turns Passed 21999 | 215 2417 1415 4055 2169 923 1054 2937 1348 3889 458 668 122 329 Spaces Moved 8442 | 101 713 423 1428 798 376 433 987 622 1653 258 431 101 118 Core 3 | 2 . . . . . . 1 . . . . . . Treads 5289 | 99 713 423 1428 798 376 433 848 . 171 . . . . Legs 1 | . . . . . . . . . . . 1 . . Wheels 3149 | . . . . . . . 138 622 1482 258 430 101 118 Hover . | . . . . . . . . . . . . . . Flight . | . . . . . . . . . . . . . . Fastest Speed 50 | 50 160 320 243 240 240 240 150 150 135 145 115 115 130 Average Speed 218 | 157 296 321 243 241 240 240 229 150 180 157 140 115 141 Slowest Speed 1850 | 160 320 325 325 320 240 240 1850 150 560 160 540 130 160 Overloaded Moves . | . . . . . . . . . . . . . . Propulsion Burnouts . | . . . . . . . . . . . . . . Robots Hopped . | . . . . . . . . . . . . . . Cave-ins Triggered . | . . . . . . . . . . . . . . Exploration Rate (%) 66 | 5 95 90 99 99 70 86 69 72 37 60 59 70 16 Regions Visited 13 Branch Regions 8 Pre-discovered Areas 11 | . 2 1 2 1 1 . 1 . . 1 . 1 1 Known Exits Taken 6 | . . . 1 . . . 1 . 1 1 1 1 . Unknown Exits Taken 6 | 1 1 1 . 1 1 1 . . . . . . . Scrap Searched 12 | . . 2 . 3 . 1 . . . 2 3 . 1 Spaces Dug 82 | . . . . 14 . 11 . 5 33 1 18 . . Terrain Destroyed 324 | . 32 1 12 122 . 26 . 8 70 4 49 . . Melee 35 | . . . . . . . . 5 30 . . . . Projectile 13 | . 2 1 1 . . . . 1 4 4 . . . AOE 274 | . 30 . 11 122 . 26 . . 36 . 49 . . Terrain Rammed . | . . . . . . . . . . . . . . Walls Destroyed . | . . . . . . . . . . . . . . Machines Disabled . | . . . . . . . . . . . . . . Actions | -11 -10 -10 -9 -9 -9 -8 -8 -8 -7 -7 -7 -7 -6 --------- Run | Yrd Mat Min Mat Min Exi Min Mat Gar Fac Low Low Dat Pro Total 10745 | 131 906 473 1780 961 396 444 1484 886 2187 291 469 106 231 Wait 1000 | . 47 7 137 88 1 . 299 109 229 3 12 . 68 Move 8427 | 100 712 422 1427 797 375 432 986 619 1652 257 430 100 118 Hop . | . . . . . . . . . . . . . . Pick Up 150 | 9 30 15 28 4 3 2 27 8 16 5 2 . 1 Fast Attach 76 | 7 4 . 9 2 2 1 13 12 17 2 2 3 2 Attach 39 | . 2 . 6 5 2 . 6 3 11 1 1 . 2 Detach 12 | . 3 . 1 3 . . . 2 . 1 1 . 1 Swap 131 | . 8 4 14 7 2 2 22 13 43 4 5 . 7 Drop 178 | 2 21 16 29 3 6 3 42 17 30 2 2 3 2 Fire 628 | 13 78 7 121 43 . 2 83 81 140 16 14 . 30 Melee 70 | . . . . . 5 . . 22 43 . . . . Ram 3 | . . . . . . . . . 3 . . . . Kick . | . . . . . . . . . . . . . . Crush 31 | . 1 2 8 9 . 2 6 . 3 . . . . Escape Stasis . | . . . . . . . . . . . . . . Rewire . | . . . . . . . . . . . . . . Trap . | . . . . . . . . . . . . . . Miscellaneous . | . . . . . . . . . . . . . . Route ------- -11/Scrapyard -10/Materials (discovered 5 exits: *Mat x3 / *Min x2) -10/Mines (discovered 2 exits: *Mat x2) -9/Materials (discovered 4 exits: *Mat x3 / *Min) -9/Mines (discovered 3 exits: *Mat x2 / *Exi) -9/Exiles -8/Mines -8/Materials (discovered 2 exits: *Fac / Gar) -8/Garrison (discovered 3 exits: *Fac x3) -7/Factory (discovered 4 exits: *Fac / Sto / *Low x2) -7/Lower Caves -7/Lower Caves (discovered 2 exits: Fac / *Dat) -7/Data Miner -6/Proximity Caves History --------- Turn | Location | Event 21 | -11/Scrapyard | Discovered new exit (range 16) 216 | -11/Scrapyard | Entered Materials 313 | -10/Materials | Build established: Mutant 1064 | -10/Materials | Discovered new exit (range 15) 1364 | -10/Materials | Discovered new exit (range 7) 1672 | -10/Materials | Discovered new exit (range 15) 2168 | -10/Materials | Discovered new exit (range 12) 2395 | -10/Materials | Discovered new exit (range 6) 2529 | -10/Materials | Repaired Imp. Treads 2633 | -10/Materials | Entered Mines 2718 | -10/Mines | Learned Materials emergency access door positions 2744 | -10/Mines | Discovered new exit (range 10) 2838 | -10/Mines | Discovered new exit (range 15) 2874 | -10/Mines | Learned location of Zion (-6) 3315 | -10/Mines | Joined a pair of Derelicts in attacking an 0b10 outpost 3484 | -10/Mines | Met a Derelict shopkeep closing up shop 4048 | -10/Mines | Entered Materials 4048 | -9/Materials | Evolved 2 slots: Propulsion x1, Utility x1 5538 | -9/Materials | Discovered new exit (range 6) 5579 | -9/Materials | Identified exit to Mines 5653 | -9/Materials | Repaired Imp. Treads 6655 | -9/Materials | Discovered new exit (range 8) 7671 | -9/Materials | Repaired Broken Imp. Treads 7735 | -9/Materials | Discovered new exit (range 15) 8103 | -9/Materials | Entered Mines 8148 | -9/Mines | Assembled infested the area 8239 | -9/Mines | Destroyed 14 combat bots 8670 | -9/Mines | Learned Materials terminal intel 8675 | -9/Mines | Discovered new exit (range 8) 8691 | -9/Mines | Escorted by a lone wolf Derelict 8711 | -9/Mines | Learned location of Storage (-7) 8761 | -9/Mines | Core integrity fell below 50% 8799 | -9/Mines | Lost 5 parts (3n1u1w) 8906 | -9/Mines | Deemed a non-threat by the Exiles lab entrance 8906 | -9/Mines | Discovered new exit (range 5) 9063 | -9/Mines | Discovered new exit (range 6) 9320 | -9/Mines | Build established: Scavenger-Mutant 10272 | -9/Mines | Entered Exiles 10330 | -9/Exiles | Met 8R-AWN 10371 | -9/Exiles | Met EX-HEX 10484 | -9/Exiles | Met EX-DEC 10560 | -9/Exiles | Met EX-BIN 10596 | -9/Exiles | Aligned with FarCom system 10599 | -9/Exiles | Given EX-Vault access code 10656 | -9/Exiles | Opened EX-Vault 10671 | -9/Exiles | Found Supersonic Drone Bay 10693 | -9/Exiles | Found XL Autogun Array 10750 | -9/Exiles | Warned to stay clear of 0b10 Research branches 11173 | -9/Exiles | Discovered new exit (range 10) 11195 | -9/Exiles | Left Exiles lab with XL Autogun Array 11195 | -9/Exiles | Entered Mines 11269 | -8/Mines | Discovered new exit (range 5) 12249 | -8/Mines | Entered Materials 12249 | -8/Materials | Evolved 2 slots: Utility x1, Weapon x1 12250 | -8/Materials | Loaded intel: 12 terminal locations 12649 | -8/Materials | Garrison activated, responded to threat 12839 | -8/Materials | Identified exit to Garrison 12870 | -8/Materials | Build established: Tank 13800 | -8/Materials | Build established: Scavenger-Skirmisher 14269 | -8/Materials | Discovered new exit (range 8) 14390 | -8/Materials | Repaired Imp. Treads 14430 | -8/Materials | Repaired Hrd. Medium Armor Plating 14457 | -8/Materials | Repaired Lgt. Treads 14484 | -8/Materials | Repaired Lgt. Treads 14528 | -8/Materials | Repaired Hpw. Shotgun 15186 | -8/Materials | Entered Garrison 15204 | -8/Garrison | Triggered checkpoint 15228 | -8/Garrison | Triggered checkpoint 15233 | -8/Garrison | Garrison Relay disabled 15273 | -8/Garrison | Build established: Skirmisher 15378 | -8/Garrison | Triggered checkpoint 15405 | -8/Garrison | Discovered new exit (range 40) 15405 | -8/Garrison | Discovered new exit (range 60) 15405 | -8/Garrison | Discovered new exit (range 45) 15462 | -8/Garrison | Triggered checkpoint 15642 | -8/Garrison | Triggered checkpoint 15813 | -8/Garrison | Triggered checkpoint 15870 | -8/Garrison | Garrison Relay disabled 16020 | -8/Garrison | Attempted to access garrison exit controls, blocked by remote lockdown 16084 | -8/Garrison | Triggered checkpoint 16160 | -8/Garrison | Garrison Relay disabled 16264 | -8/Garrison | Attempted to access garrison exit controls, blocked by remote lockdown 16457 | -8/Garrison | Build established: Mutant 16521 | -8/Garrison | Rescued a captive Derelict 16534 | -8/Garrison | Entered Factory 16534 | -7/Factory | Accompanied by 1 ally 16534 | -7/Factory | Evolved 2 slots: Propulsion x1, Utility x1 18145 | -7/Factory | Cargo convoy interrupted 18156 | -7/Factory | Garrison activated, responded to threat 18261 | -7/Factory | Lost 3 parts (1n2u) 18263 | -7/Factory | Destroyed 7 combat bots 18548 | -7/Factory | Build established: Scavenger-Tank 19527 | -7/Factory | Specialist reinforcements revealed to be Infiltrators 19583 | -7/Factory | Discovered new exit (range 14) 19652 | -7/Factory | Identified exit to Factory 19926 | -7/Factory | Build established: Scavenger-Skirmisher 19970 | -7/Factory | Identified exit to Storage 19970 | -7/Factory | Identified exit to Lower Caves 20134 | -7/Factory | First assault squad dispatched 20225 | -7/Factory | Garrison activated, responded to threat 20285 | -7/Factory | Core integrity fell below 50% 20323 | -7/Factory | Lost 8 parts (1p3n3u1w) 20325 | -7/Factory | Garrison activated, responded to threat 20339 | -7/Factory | Destroyed 8 combat bots 20423 | -7/Factory | Entered Lower Caves 20485 | -7/Lower Caves | Met a Warlord Commander 20486 | -7/Lower Caves | Learned location of Warlord (-5) 20487 | -7/Lower Caves | Warlord Commander delivered Encrypted Comm Array 20490 | -7/Lower Caves | Found Encrypted Comm Array 20676 | -7/Lower Caves | Encountered a Warlord checkpoint 20734 | -7/Lower Caves | Build established: Skirmisher 20865 | -7/Lower Caves | Discovered new exit (range 9) 20880 | -7/Lower Caves | Identified exit to Lower Caves 20881 | -7/Lower Caves | Entered another Lower Caves area 20947 | -7/Lower Caves | Learned Factory terminal intel 21490 | -7/Lower Caves | Discovered new exit (range 9) 21540 | -7/Lower Caves | Identified exit to Data Miner 21549 | -7/Lower Caves | Entered Data Miner 21551 | -7/Data Miner | Discovered new exit (range 6) 21573 | -7/Data Miner | Met Data Miner 21599 | -7/Data Miner | Learned location of Section 7 (-3) 21599 | -7/Data Miner | Acquired the access code to Warlord's prototype stash 21623 | -7/Data Miner | Received God Mode back door access code from Data Miner 21670 | -7/Data Miner | Identified exit to Proximity Caves 21671 | -7/Data Miner | Entered Proximity Caves 21703 | -6/Proximity Caves | Escorted by Enhanced Grunt 21729 | -6/Proximity Caves | Spotted B-75 Beast 21730 | -6/Proximity Caves | Core integrity fell below 20% 21767 | -6/Proximity Caves | Destroyed B-75 Beast 21782 | -6/Proximity Caves | Lost 3 parts (1p1n1w) 21885 | -6/Proximity Caves | Learned location of 1 exit from Lower Caves 22000 | -6/Proximity Caves | Destroyed by G-67 Veteran with Field Laser Last Messages --------------- 21920_ Found 32 Matter. 21921_ Acquired 5 matter. 21923_ Acquired Mak. Shrapnel Gun. 21933_ Acquired Unknown Device. 21933_ Identified Imp. Cooling System. 21936_ Acquired 20 matter. 21967_ System corrupted: Heat flow error (+212). 21983_ C-30 ARC bursts open, deploying its payload. 21983_ G-67 Veteran unfolds itself. 21983_ G-50 Soldier unfolds itself. 21985_ Imp. Sensor Array destroyed. 21990_ Critical hit (Burn: +37). 21991_ Lgt. Nuclear Core destroyed. 21994_ Overheating: Energy bleed (-19). 21994_ Imp. Spread Laser destroyed. 21996_ Arm. Huge Wheel destroyed. 21998_ Critical hit (Burn: +37). 22000_ Med. Insulated Plating destroyed. 22000_ Flak Gun destroyed. Map ----- +----------------------------------------------------+ | ????????# ????? ???????????????????????????????? | | ???????? ?????# ???????????????????????????????? | | ???????? ?????# ???????????????????????????????? | | ??????? ????### ##?????????????????????????????? | | #####?? ????? ##????????????????????????????? | | ##? ????? ##???????????????????????????? | | ?? ?##??? ##??????????????????????????? | | " #?? ? #???# ##?????????????????????????? | | "" #?? #????# ??????????????????????????? | | "" ##? #??### ???????????????????????????? | | " ## #??## ????????????????????????????? | | #????# ! #?????????????????????????????? | | "" #?????# %##????????????????????????????? | | " # #?????# %##???????????????????????????? | | # #?????# ##??????????????????????????? | | ##### #?????# #??????????????????????????? | | ????# #????## #??????????????????????????? | | ????# ###### ######?????????????????????? | | ????# # ##????????????????????? | | ????# ## % ##???????????????????? | | ##### ###### g ######??????????????? | | ????## #???# g g #??????????????? | | ?????###### #???# #### #??????????????? | | ??????????# #???## ##???????????????????? | | ??????????# #????# ##????????????????????? | | ??????????# #????#@ #?????????????????????? | | ??????????# #????# #?????????????????????? | | ??????????# #???? #?????????????????????? | | ## ???????????# ???? #?????????????????????? | | #?###???????????# ??? ?????????????????????? | | ????????????????#####??## ?????????????????????? | | ????????????????????????#####????????????????????? | | ?????????????????????????????????????????????????? | | ?????????????????????????????????????????????????? | | ?????????????????????????????????????????????????? | | ?????????????????????????????????????????????????? | | ?????????????????????????????????????????????????? | | ?????????????????????????????????????????????????? | | ?????????????????????????????????????????????????? | | ?????????????????????????????????????????????????? | | ?????????????????????????????????????????????????? | | ?????????????????????????????????????????????????? | | ?????????????????????????????????????????????????? | | ?????????????????????????????????????????????????? | | ?????????????????????????????????????????????????? | | ?????????????????????????????????????????????????? | | ?????????????????????????????????????????????????? | | | | | | | +----------------------------------------------------+ Best States ------------- Heat Dissipation 61 Energy Generation 19 Energy Capacity 315 Matter Stores 499 Matter Capacity 500 Sight Range 16 Robot Scan Range 15 Terrain Scan Density 10 Armor Coverage 525 Resistance: KI 25 Resistance: EM 20 Evasion (%) 40 Targeting Accuracy 8 Recoil Reduction 3 Kinecelleration 40 Offensive Hacking 10 Item Schematics ----------------- Imp. Sensor Array | -9/Materials | Scanalyzed Imp. Medium Laser | -9/Materials | Scanalyzed Pulse Rifle | -9/Materials | Scanalyzed Imp. Targeting Computer | -9/Materials | Scanalyzed Hvy. Mace | -9/Materials | Scanalyzed Imp. Treads | -9/Materials | Scanalyzed Imp. EM Pulse Cannon | -8/Materials | Scanalyzed Hrd. Light Armor Plating | -8/Materials | Scanalyzed Hvy. Laser | -8/Materials | Scanalyzed Wave Gun | -7/Factory | Scanalyzed Combat Drone Bay | -7/Data Miner | Free Lgt. Regenerative Plating | -7/Data Miner | Free Biomechanical Wings | -7/Data Miner | Free Exp. Targeting Computer | -7/Data Miner | Free Imp. Heavy Machine Gun | -7/Data Miner | Free Hvy. Treads | -7/Data Miner | Free Imp. Transmission Jammer | -7/Data Miner | Free Tesla Rifle | -7/Data Miner | Free Force Field | -7/Data Miner | Free Adv. Thermal Generator | -7/Data Miner | Free Robot Schematics ------------------ Y-54 Guardian | -7/Data Miner | Free B-48 Gladiator | -7/Data Miner | Free R-10 Processor | -7/Data Miner | Free L-41 Fighter | -7/Data Miner | Free B-60 Warrior | -7/Data Miner | Free G-50 Soldier | -7/Data Miner | Free Fabricated ------------ Nothing Alien Tech Used ----------------- None Achievements -------------- None Challenges ------------ None Game ------ Seed BlastSlugActivator Manual? 0 Play Time 02:30:16 Cumulative 111.0 hours Start 2024.04.08 @ 23:47:19 End 2024.04.09 @ 02:39:08 Sessions 1 Manual Loads 0 Difficulty Rogue Special Mode None Game No. 62 Rogue 62 Adventurer 0 Explorer 0 Win Type - Total 4 Types 3/0/0/1/0/0/0/0/0 Lore% 56 Gallery% 74 Achievement% 49 Wizard Run 0 Options --------- Layout 2 ASCII 0 Keyboard 1 Movement Numpad Keybinds 0 Fullscreen 2 Font 32/Tamsyn Map View 50x44 Zoom Use 0% Tactical HUD 1 Map Filters NONE Filters NONE Steam 1 RUN: cafc3f9e-3504-49d9-a3f9-742a07e8967d